 Dungeon Sprint DCSS version 0.27.1 (webtiles) character file.

Game seed: 7655715285435220969

2286 styxcanada the Imperceptible (level 9, -9/47 HPs)
             Began as a Spriggan Brigand on Aug 28, 2021.
             Was an Initiate of Gozag.
             Killed from afar by an oklob plant (10 damage)
             ... with a splash of acid
             ... in the Dungeon (Sprint IV: "Fedhas' Mad Dash").
             The game lasted 00:07:06 (671 turns).

styxcanada the Imperceptible (Spriggan Brigand)      Turns: 671, Time: 00:07:06

Health: -9/47      AC:  6    Str:  7    XL:     9   Next: 17%
Magic:  8/10       EV: 13    Int: 13    God:    Gozag
Gold:   268        SH:  7    Dex: 19    Spells: 8/8 levels left

rFire    + + .     SeeInvis +   a - +2 dagger (flame)
rCold    x . .     Faith    .   p - +0 buckler
rNeg     . . .     Spirit   .   s - +1 fire dragon scales
rPois    .         Reflect  .   (helmet restricted)
rElec    .         Harm     .   c - +0 cloak
rCorr    .         Rampage  .   (gloves unavailable)
Will     +....     NoTele   +   (boots unavailable)
Stlth    +++++++...             l - amulet of invisibility {+Inv}
HPRegen  0.15/turn              (no ring)
MPRegen  0.12/turn              (no ring)

@: corroded, gold aura, very slightly contaminated, invisible, very quick
A: very small, no large weapons, unfitting armour, see invisible, speed 3
a: Renounce Religion, Evoke Invisibility, Potion Petition, Call Merchant, Bribe
Branch


You were in the Dungeon.
You worshipped Gozag.
Gozag was aware of your devotion.
You visited 1 branch You collected 1275 gold pieces.
You spent 1007 gold pieces at shops.

Inventory:

Hand Weapons
 a - a +2 dagger of flaming (weapon)
 n - the +7 scimitar of the Messenger {vorpal, rPois Will+}
   (You bought it in a shop in the Dungeon)

   It inflicts extra damage upon your enemies.
   rPois:     It protects you from poison.
   Will:      It increases your willpower.
Missiles
 d - 8 poisoned darts (quivered)
 e - 2 curare-tipped darts
 r - 24 stones
Armour
 b - a +0 robe
 c - a +0 cloak (worn)
 p - a +0 buckler (worn)
 q - a +2 robe of willpower
 s - +1 fire dragon scales (worn)
Jewellery
 l - the amulet of invisibility (around neck) {+Inv}
   (You found it in the Dungeon)

   [amulet of nothing]

   +Inv:      It lets you turn invisible.
Scrolls
 k - a scroll of blinking
Potions
 f - 2 potions of curing
 g - a potion of heal wounds
 h - a potion of haste
 i - 3 potions of magic
 j - a potion of berserk rage
 m - a potion of experience {unknown}
 t - a potion of mutation


   Skills:
 * Level 5.6 Fighting
 + Level 4.9 Short Blades
 + Level 0.2(2.2) Long Blades
 + Level 4.0 Throwing
 * Level 2.3 Armour
 * Level 8.9 Dodging
 * Level 22.1 Stealth
 * Level 2.2 Shields
 * Level 9.1 Evocations


You had 8 spell levels left.
You didn't know any spells.
Your spell library was empty.

Dungeon Overview and Level Annotations

Branches:
Dungeon (1/1)

Altars:
Cheibriados
Dithmenos
Elyvilon
Gozag
Hepliaklqana
Kikubaaqudgha
Makhleb
Nemelex Xobeh
Okawaru
Qazlal
Ru
Sif Muna
Trog
Uskayaw
Vehumet
Wu Jian
Xom
Yredelemnul
Zin
The Shining One
Beogh
Jiyva
Lugonu

Shops:
D [[(!

Annotations:
D exclusions: oklob plant and oklob sapling


Innate Abilities, Weirdness & Mutations

You are very small and have problems with some larger weapons.
You are too small for most types of armour.
You have supernaturally acute eyesight. (SInv)
You cover ground extremely quickly. (Speed+++)


Message History

The burning bush is severely damaged.
You hit the burning bush.
The burning bush is severely damaged.
You flicker back into view.
The burning bush throws fire at you. The puff of flame hits you. You resist.
You slash the burning bush!
You destroy the burning bush!
Your Stealth skill increases to level 22!
Your Evocations skill increases to level 9!
You see here 117 gold pieces.
You slash the oklob plant!
The oklob plant is moderately damaged.
You hit the oklob plant.
The oklob plant is moderately damaged.
The oklob plant spits acid at you. The splash of acid hits you.
You are splashed with acid!
You hit the oklob plant.
The oklob plant is moderately damaged.
The oklob sapling spits acid at you. The splash of acid misses you.
You hit the oklob plant.
The oklob plant is moderately damaged.
The oklob sapling spits acid at you. The splash of acid misses you.
The oklob plant spits acid at you. The splash of acid hits you!
* * * LOW HITPOINT WARNING * * *
The acid corrodes you!
You are splashed with acid!
* * * LOW HITPOINT WARNING * * *
You fade into invisibility!
Okay, then.
Your +2 dagger of flaming bursts into flame!
a - a +2 dagger of flaming (weapon)
You hit the oklob plant but do no damage.
The oklob plant is moderately damaged.
The oklob plant spits acid at you. The splash of acid hits you!
You die...
Your body crumbles into a pile of gold.

#PP..'...†.'.#...'.._._._._._
#PPPP#...†.#.#...#..._._._._.
###############'##.._._._._._
#...♣........'...#._._._._._.
#......♣.....#...############
#.....♣..♣..######*****,,*$**
##'####'######P)+,,,,,,*,,***
#..#....'....f..#*,,***,*,,**
#.)#.)###$..@P..#,**,,*,$$*+,
#######*#########************
*,,,,,,,,,,,,,,,,,,,,,,* **
*∩,,,,,,,,,,,,,,,,,,,,,*****,
*∩,,,,,,,,,,,,,,,,,,,,,,,,,,,
*∩,,,,,,,,,,,,,,,,,,,,,,,****
***********+************** **
*,,,,,,,,,,* ***,,*****,
*,,,,,,,,,,* *,,,,+,,,,,


You could see an oklob plant, a wandering mushroom and an oklob sapling.

Vanquished Creatures
  An oklob plant (D)
  2 wandering mushrooms (D)
  3 burning bushes (D)
  A queen bee (D)
  3 scorpions (D)
  4 killer bees (D)
  4 oklob saplings (D)
  2 spriggans (D)
  A river rat (D)
  A rat (D)
22 creatures vanquished.

Notes
Turn   | Place    | Note
-------+----------+-------------------------------------------
     0 | D        | styxcanada the Spriggan Brigand began the quest for the
                  | Orb.
     0 | D        | Reached XP level 1. HP: 10/10 MP: 2/2
     9 | D        | Reached skill level 8 in Stealth
     9 | D        | Reached XP level 2. HP: 15/15 MP: 3/3
    18 | D        | Noticed an oklob sapling
    20 | D        | Killed an oklob sapling
    21 | D        | Reached skill level 10 in Stealth
    21 | D        | Reached XP level 3. HP: 18/18 MP: 4/4
    22 | D        | Noticed a scorpion
    22 | D        | Found the amulet of invisibility {+Inv}
    24 | D        | Killed a scorpion
    25 | D        | Reached skill level 12 in Stealth
    25 | D        | Reached XP level 4. HP: 23/23 MP: 5/5
    54 | D        | Found an opulent altar of Gozag.
    54 | D        | Found a hazy altar of Hepliaklqana.
    54 | D        | Found a burning altar of Makhleb.
    54 | D        | Found a sparkling altar of Nemelex Xobeh.
    54 | D        | Found a snail-covered altar of Cheibriados.
    54 | D        | Found a sacrificial altar of Ru.
    54 | D        | Found a shimmering blue altar of Sif Muna.
    54 | D        | Found a shimmering altar of Xom.
    54 | D        | Found a basalt altar of Yredelemnul.
    55 | D        | Found a viscous altar of Jiyva.
    55 | D        | Found a bloodstained altar of Trog.
    55 | D        | Found an ornate altar of the Wu Jian Council.
    56 | D        | Found an iron altar of Okawaru.
    56 | D        | Found a shadowy altar of Dithmenos.
    56 | D        | Found a glowing silver altar of Zin.
    57 | D        | Found an ancient bone altar of Kikubaaqudgha.
    57 | D        | Found a hide-covered altar of Uskayaw.
    58 | D        | Found a stormy altar of Qazlal.
    58 | D        | Found a white marble altar of Elyvilon.
    58 | D        | Found a glowing golden altar of the Shining One.
    59 | D        | Became a worshipper of Gozag Ym Sagoz the Greedy
    60 | D        | Found a corrupted altar of Lugonu.
    60 | D        | Found a radiant altar of Vehumet.
    64 | D        | Reached skill level 13 in Stealth
    64 | D        | Reached skill level 1 in Evocations
    64 | D        | Reached XP level 5. HP: 28/28 MP: 3/6
    76 | D        | Reached skill level 14 in Stealth
   121 | D        | Reached skill level 5 in Dodging
   122 | D        | Reached skill level 15 in Stealth
   170 | D        | Reached skill level 16 in Stealth
   170 | D        | Reached XP level 6. HP: 7/32 MP: 7/7
   233 | D        | Found Viomut's Armour Shop.
   234 | D        | Found Tinimoi's Antique Armour Emporium.
   239 | D        | Bought a runed robe for 77 gold pieces
   243 | D        | Noticed a burning bush
   243 | D        | Noticed a wandering mushroom
   244 | D        | Noticed a wandering mushroom
   247 | D        | Killed a burning bush
   248 | D        | Reached skill level 17 in Stealth
   248 | D        | Reached skill level 5 in Evocations
   248 | D        | Killed a wandering mushroom
   249 | D        | Reached skill level 19 in Stealth
   249 | D        | Reached XP level 7. HP: 15/38 MP: 5/8
   249 | D        | Killed a wandering mushroom
   252 | D        | Reached skill level 20 in Stealth
   252 | D        | Reached XP level 8. HP: 17/42 MP: 5/9
   264 | D        | Found Feynaph's Distillery.
   264 | D        | Found Weicvaeh's Weapon Shoppe.
   273 | D        | Bought a potion of curing for 33 gold pieces
   273 | D        | Bought a potion of mutation for 88 gold pieces
   455 | D        | Noticed a queen bee
   462 | D        | Killed a queen bee
   463 | D        | Reached skill level 5 in Fighting
   464 | D        | Reached skill level 1 in Armour
   464 | D        | Reached skill level 1 in Shields
   504 | D        | Noticed an oklob plant
   506 | D        | Killed an oklob plant
   507 | D        | Reached skill level 21 in Stealth
   520 | D        | Noticed a burning bush
   523 | D        | Killed a burning bush
   524 | D        | Reached XP level 9. HP: 47/47 MP: 8/10
   606 | D        | Bought the +7 scimitar of the Messenger {vorpal, rPois
                  | Will+} for 809 gold pieces
   648 | D        | Noticed a burning bush
   648 | D        | Noticed an oklob plant
   649 | D        | Noticed a wandering mushroom
   660 | D        | Killed a burning bush
   661 | D        | Reached skill level 22 in Stealth
   668 | D        | HP: 1/47 [acid (10)]
   671 | D        | Killed from afar by an oklob plant

Illustrated notes

Levels and vault maps discovered:
D:        dungeon_sprint_fedhas [sprint_temple]

Skill      XL: |  1  2  3  4  5  6  7  8  9 |
---------------+----------------------------+-----
Dodging        | 2 3 4 5 7 8 |  8.9
Stealth        | 8 10 12 13 16 19 20 21 22 | 22.1
Fighting       | 2 3 4 5 |  5.6
Short Blades   | 3 4 |  4.9
Evocations     | 1 3 6 8 9 |  9.1
Throwing       | 3 4 |  4.0
Armour         | 2 |  2.3
Shields        | 2 |  2.2
Long Blades    | |  0.2

Action                   |  1- 3 |  4- 6 |  7- 9 || total
-------------------------+-------+-------+-------++-------
Melee: Dagger            |     5 |    10 |    11 ||    26
       Scimitar          |       |       |    15 ||    15
Throw: Dart              |       |     6 |       ||     6
 Abil: Evoke Invisibilit |       |     3 |     4 ||     7
  Use: Scroll            |       |       |     2 ||     2
 Stab: Sleeping          |     3 |     6 |    11 ||    20
Armor: Robe              |     1 |       |       ||     1
Dodge: Dodged            |       |     4 |     3 ||     7
